 Dungeon Crawl Stone Soup version 0.30.0-29-ga12c61a403 (webtiles) character file.

Game seed: 8213202085073132649

637 H0rd4k the Cudgeller (level 7, -2/51 HPs)
             Began as a Human Artificer on June 12, 2023.
             Was an Initiate of Gozag.
             Killed by divine providence
             ... invoked by an orc priest
              (14 damage)
             ... on level 5 of the Dungeon.
             The game lasted 00:06:27 (5626 turns).

H0rd4k the Cudgeller (Human Artificer)              Turns: 5626, Time: 00:06:28

Health: -2/51      AC:  5    Str: 12    XL:     7   Next: 79%
Magic:  10/10      EV: 12    Int: 14    God:    Gozag
Gold:   366        SH:  0    Dex: 13    Spells: 10/10 levels left

rFire   . . .        m - +0 mace
rCold   . . .        (no shield)
rNeg    . . .        b - +0 leather armour
rPois   .            y - +0 helmet
rElec   .            (no cloak)
rCorr   .            t - +0 pair of gloves
SInv    .            (no boots)
Will    .....        (no amulet)
Stlth   ++           (no ring)
HPRegen 0.28/turn    (no ring)
MPRegen 0.12/turn

%: no passive effects
@: no status effects
A: no striking features
a: Renounce Religion, Potion Petition, Call Merchant, Bribe Branch


You were on level 5 of the Dungeon.
You worshipped Gozag.
Gozag was aware of your devotion.
You visited 2 branches of the dungeon, and saw 6 of its levels.
You also visited: Sewer.

You collected 452 gold pieces.
You paid 86 gold pieces to Gozag.

Inventory:

Hand Weapons
 a - a +0 club
 m - a +0 mace (weapon)
 D - a +0 flail
Missiles
 e - 3 curare-tipped darts
 i - 6 atropa-tipped darts
 p - 37 poisoned darts
Armour
 b - a +0 leather armour (worn)
 t - a +0 pair of gloves (worn)
 y - a +0 helmet (worn)
Wands
 d - a wand of charming (2)
 v - a wand of digging (3)
Scrolls
 c - a scroll of brand weapon {unknown}
 g - 3 scrolls of blinking {unknown}
 k - 3 scrolls of vulnerability {unknown}
 n - 3 scrolls of enchant weapon {unknown}
 o - 2 scrolls of identify {unknown}
 q - 2 scrolls of poison {unknown}
 s - a scroll of fear {unknown}
 w - a scroll of immolation {unknown}
 A - a scroll of noise {unknown}
 B - a scroll of magic mapping {unknown}
 E - a scroll of amnesia {unknown}
 G - a scroll of teleportation {unknown}
Potions
 f - a potion of cancellation
 h - a potion of berserk rage
 j - 2 potions of lignification {unknown}
 l - 2 potions of magic {unknown}
 r - 3 potions of might
 u - 2 potions of curing {unknown}
 x - 2 potions of heal wounds {unknown}
 z - 2 potions of resistance {unknown}
 C - a potion of ambrosia {unknown}
 F - a potion of invisibility {unknown}
 H - a potion of mutation {unknown}


   Skills:
 + Level 2.9 Fighting
 + Level 4.5 Maces & Flails
 - Level 2.0 Armour
 + Level 3.0 Dodging
 + Level 2.0 Stealth
 * Level 2.3 Spellcasting
 + Level 4.3 Evocations


You had 10 spell levels left.
You didn't know any spells.
Your spell library contained the following spells:

 Spells                   Type           Power      Damage    Failure   Level
 Apportation              Tloc           2%         N/A       30%         1
 Cigotuvi's Dreadful Rot  Necr/Pois/Air  2%         N/A       41%         2
 Dispel Undead            Necr           1%         3d6       96%         4
 Alistair's Intoxication  Tmut/Pois      0%         N/A       100%        5
 Death Channel            Necr           0%         N/A       100%        6


Dungeon Overview and Level Annotations

Branches:
Dungeon (5/15)             Temple (1/1) D:5           Sewer (visited)

Altars:
Cheibriados
Dithmenos
Elyvilon
Fedhas
Gozag
Hepliaklqana
Kikubaaqudgha
Makhleb
Nemelex Xobeh
Okawaru
Ru
Trog
Uskayaw
Vehumet
Wu Jian
Xom
Yredelemnul
Zin
The Shining One


Message History

You are too injured to fight recklessly!
You are too injured to fight recklessly!
You are too injured to fight recklessly!
You are too injured to fight recklessly!
You are too injured to fight recklessly!
You are too injured to fight recklessly!
You are too injured to fight recklessly!
You are too injured to fight recklessly!
You are too injured to fight recklessly!
You are too injured to fight recklessly!
You hit the orc priest but do no damage.
The orc priest is lightly wounded.
The orc priest casts a cantrip, but nothing happens.
You hit the orc priest.
The orc priest is lightly wounded.
The orc priest begins to cast a cantrip, but forgets the words!
You hit the orc priest.
The orc priest is moderately wounded.
The orc priest closely misses you.
You closely miss the orc priest.
The orc priest is moderately wounded.
The orc priest barely misses you.
The orc priest hits you with a +0 short sword.
You closely miss the orc priest.
The orc priest is moderately wounded.
The orc priest closely misses you.
You barely miss the orc priest.
The orc priest is moderately wounded.
The orc priest hits you with a +0 short sword.
You hit the orc priest but do no damage.
The orc priest is moderately wounded.
The orc priest mumbles some strange prayers to Beogh against you.
Beogh smites you!
* * * LOW HITPOINT WARNING * * *
You barely miss the orc priest.
The orc priest is moderately wounded.
The orc priest mumbles some strange prayers to Beogh against you.
Beogh smites you!
You die...
Your body crumbles into a pile of gold.

#)#.......# #....
#~#..(....#
#~#.......#
#~#.......####
#~#..........####
#~#...#.........#
#~#...#......##.#
#.#...###'#####.#
#~#...# #.##..@.#
#####...# #.##.o..#
......#.###.##[...#
....^.#...........#
......#####.#######
......# #.. ......#
### ......# $
......#


You could see an orc priest.

Vanquished Creatures
  An ice beast (D:5)
  2 kobold brigands (Sewer)
  A gnoll bouda (D:5)
  2 sleepcaps (D:4)
  Ijyb (D:3)
  An iguana (D:3)
  13 adders
  4 gnolls
  A river rat (Sewer)
  6 worms
  3 dart slugs (D:2)
  4 orcs
  3 endoplasms
  2 giant cockroaches
  2 hobgoblins
  4 jackals
  2 quokkas
  11 ball pythons
  3 bats
  3 frilled lizards (D:3)
  3 goblins
  9 kobolds
  18 rats
99 creatures vanquished.

Vanquished Creatures (collateral kills)
  A gnoll (D:5)
  3 worms (Sewer)
  4 orcs (D:5)
  2 ball pythons
  A hobgoblin (D:4)
  A frilled lizard (D:2)
  A rat (D:2)
13 creatures vanquished.

Vanquished Creatures (others)
  A gnoll (D:5)
  An endoplasm (Sewer)
2 creatures vanquished.

Grand Total: 114 creatures vanquished

Notes
Turn   | Place    | Note
-------+----------+-------------------------------------------
     0 | D:1      | H0rd4k the Human Artificer began the quest for the Orb.
     0 | D:1      | Reached XP level 1. HP: 15/15 MP: 1/1
   254 | D:1      | Reached XP level 2. HP: 8/21 MP: 2/2
   722 | D:2      | Reached XP level 3. HP: 24/26 MP: 3/3
  1113 | D:2      | Reached skill level 1 in Maces & Flails
  1245 | D:2      | Reached XP level 4. HP: 32/32 MP: 4/4
  1670 | D:3      | Noticed Ijyb
  1676 | D:3      | Killed Ijyb
  1677 | D:3      | Reached XP level 5. HP: 34/37 MP: 5/5
  2799 | D:4      | Reached XP level 6. HP: 25/44 MP: 7/7
  2807 | D:4      | Reached skill level 1 in Spellcasting
  3616 | D:5      | Entered Level 5 of the Dungeon
  3616 | D:5      | Noticed an ice beast
  3678 | D:5      | Found a staircase to the Ecumenical Temple.
  3686 | D:5      | Killed an ice beast
  3687 | D:5      | Reached XP level 7. HP: 51/51 MP: 9/9
  3691 | Temple   | Entered the Ecumenical Temple
  3730 | Temple   | Became a worshipper of Gozag Ym Sagoz the Greedy
  3970 | D:5      | Found a glowing drain.
  4000 | Sewer    | Entered a sewer
  5626 | D:5      | Killed from afar by an orc priest

Illustrated notes

Levels and vault maps discovered:
D:1:      minmay_arrival_statue_studded, layout_rooms
D:2:      minmay_door_path, layout_loops_ring, minivault_19,
          kennysheep_generic_room_12
D:3:      layout_loops_ring, uniq_ijyb
D:4:      layout_cave_pools, eino_small_chamber_without_monster, st_stairs_4,
          grunt_ministairs_14, small_statue_intersection
D:5:      layout_basic, minmay_temple_entry_fiery, portal_sewer_entry_d,
          kennysheep_cross_bottleneck
Temple:   nicolae_temple_the_god_donut

Skill      XL: |  1  2  3  4  5  6  7 |
---------------+----------------------+-----
Maces & Flails | 1 2 3 4 |  4.5
Evocations     | 4 |  4.3
Dodging        | 2 3 |  3.0
Fighting       | 2 |  2.9
Spellcasting   | 1 2 |  2.3
Stealth        | 2 |  2.0
Armour         | |  2.0

Action                     |  1- 3 |  4- 6 |  7- 9 || total
---------------------------+-------+-------+-------++-------
  Melee: Club              |    18 |       |       ||    18
         Mace              |    66 |   183 |   265 ||   514
         Punch             |       |     1 |     3 ||     4
  Evoke: Wand              |     1 |    24 |     8 ||    33
    Use: Potion            |       |     1 |     2 ||     3
   Stab: Sleeping          |     3 |     1 |       ||     4
         Distracted        |       |     1 |       ||     1
         Betrayed ally     |       |       |     1 ||     1
 Armour: Leather armour    |    35 |    67 |    74 ||   176
  Dodge: Dodged            |    67 |   121 |   165 ||   353
